AoeStats
← Legolars

Hill Fort

505074158Analyzed
4v4 RM · 25d ago on Sep 7, 2026· 39m 52s· 8 players
Game mode
Random Map
Map size
Large (8 player)
Population
200
Speed
Normal
Resources
Standard
Victory
Conquest
Starting age
Dark Age
Ending age
Imperial Age
RankedLock teamsTeams togetherTeam positionsShared explorationLock speedFull tech treeHidden civsTurbo modeCheats
Victory
Defeat
🇳🇴 Spanish · Norway
1065
+14
🇳🇴 Celts · Norway
1053
+14
🇳🇴 Khmer · Norway
1053
+14
🇳🇴 Bohemians · Norway
975
+18
🇲🇽 Franks · Mexico
1071
-17
🇳🇱 Byzantines · Netherlands
1025
-15
🇨🇳 Saracens · China
1010
-15
🇩🇪 Turks · Germany
966
-13
Bzurker
8:53 Loom
11:06 Feudal Age
14:01 Double-Bit Axe
16:09 Scale Barding Armor
18:06 Castle Age
17:57 Forging
24:11 Wheelbarrow
24:18 Bow Saw
28:01 Hand Cart
TA388959
9:54 Loom
12:12 Feudal Age
13:00 Double-Bit Axe
19:37 Castle Age
19:25 Scale Barding Armor
19:11 Fletching
19:32 Forging
21:12 Horse Collar
25:40 Bow Saw
29:03 Heavy Plow
30:01 Wheelbarrow
29:59 Padded Archer Armor
32:04 Ballistics
31:40 Murder Holes
33:49 Gold Mining
35:08 Gold Shaft Mining
39:17 Imperial Age
36:48 Husbandry
37:31 Bloodlines
38:57 Chain Barding Armor
38:33 Bodkin Arrow
40:46 Plate Barding Armor
所以狼
soulforchildren
Legolars
11:04 Feudal Age
11:35 Double-Bit Axe
11:30 Horse Collar
14:21 Loom
18:02 Castle Age
18:49 Wheelbarrow
19:15 Bow Saw
20:46 Heavy Plow
23:35 Gold Mining
24:48 Husbandry
24:59 Bloodlines
26:09 Padded Archer Armor
27:24 Hand Cart
28:54 Gold Mining
33:43 Imperial Age
32:13 Forging
32:09 Scale Barding Armor
34:04 Iron Casting
34:04 Chain Barding Armor
33:43 Cavalier
35:57 Two-Man Saw
36:24 Blast Furnace
36:07 Conscription
36:16 Paladin
39:12 Plate Barding Armor
Randy Bobandy
11:31 Feudal Age
14:10 Double-Bit Axe
14:24 Horse Collar
23:50 Castle Age
23:23 Scale Mail Armor
24:05 Pikeman
28:36 Arson
32:54 Elite Skirmisher
33:37 Fletching
33:48 Padded Archer Armor
35:33 Wheelbarrow
35:23 Bow Saw
35:14 Heavy Plow
36:32 Ballistics
36:13 Bodkin Arrow
38:49 Leather Archer Armor
Bøen
12:15 Feudal Age
13:26 Double-Bit Axe
13:32 Gold Mining
17:11 Castle Age
16:37 Loom
17:27 Wheelbarrow
18:50 Gold Shaft Mining
18:27 Bow Saw
29:37 Imperial Age
29:23 Ballistics
29:38 Heavy Scorpion
30:46 Siege Engineers
33:54 Chemistry
33:03 Double Crossbow
33:24 Conscription
33:08 Double Crossbow
TorjusB
10:22 Loom
12:26 Feudal Age
13:51 Double-Bit Axe
13:53 Horse Collar
17:52 Castle Age
17:12 Wheelbarrow
21:08 Pikeman
22:02 Forging
23:34 Wheelbarrow
24:42 Squires
26:50 Heavy Plow
27:09 Bow Saw
29:12 Hand Cart
29:24 Town Watch
36:56 Chemistry
36:16 Ballistics
35:54 Murder Holes
36:29 Fortified Wall
39:14 Imperial Age
38:26 Town Patrol
Connection lost

Rejoining the realm…

Still unreachable

The connection could not be restored.

Session expired

The server has moved on; the page needs a fresh start.